Cogmind - Beta 15 @@@ ROGUE MODE // 2025.07.20 @ 11:32:25 Player: carterz30cal Result: Destroyed by TA-9SS(R) with Subdweller Beam Cannon Performance ------------- Evolutions (0) 0 Regions Visited (2) 400 Robots Destroyed (23) 115 Value Destroyed (571) 571 Prototype IDs (2) 40 Alien Tech Used (0) 0 Bonus (0) 0 TOTAL SCORE: 1126 Bonus ------- None Cogmind --------- Core Integrity 0/250 Matter 273/300 Energy 100/100 System Corruption 4% Temperature Cool (9) Movement Core (800) Ox15 Location -10/Subcaves Parts ------- > --- POWER (1) -------- (None) > --- PROPULSION (2) --- (None) > --- UTILITY (2) ------ High-capacity Storage Unit Visual Processing Unit > --- WEAPON (2) ------- Medium Laser Subdweller Machine Gun > --- INVENTORY (20) --- Light Ion Engine High-capacity Storage Unit High-capacity Battery (250) Medium Matter Pod (100) Large Matter Pod (150) Signal Interpreter Hacking Suite Medium Laser Medium Laser Beam Cannon Peak State ------------ > --- POWER ------------ Light Nuclear Core > --- PROPULSION ------- Light Treads Light Treads > --- UTILITY ---------- High-capacity Storage Unit Visual Processing Unit > --- WEAPON ----------- Medium Laser Assault Rifle > --- INVENTORY -------- Light Ion Engine Light Treads Large Storage Unit High-capacity Battery Medium Matter Pod Large Matter Pod Hacking Suite Beam Cannon [Rating: 11] Favorites ----------- Power Light Nuclear Core Engine Ion Engine Power Core Light Nuclear Core Propulsion Light Treads Treads Light Treads Utility Visual Processing Unit Storage High-capacity Storage Unit Processor Visual Processing Unit Weapon Medium Laser Energy Gun Medium Laser Energy Cannon Beam Cannon Ballistic Gun Assault Rifle Build | -11 -10 -10 ------- Run | Yrd Mat Sub Slots Evolved . | . . . Power . | . . . Propulsion . | . . . Utility . | . . . Weapon . | . . . Parts Attached 15 | 7 7 1 Power 3 | 2 1 . Engine 2 | 2 . . Core 1 | . 1 . Reactor . | . . . Propulsion 3 | 2 1 . Treads 3 | 2 1 . Leg . | . . . Wheel . | . . . Hover . | . . . Flight . | . . . Utility 4 | 1 3 . Device . | . . . Storage 3 | 1 2 . Processor 1 | . 1 . Hackware . | . . . Protection . | . . . Artifact . | . . . Weapon 5 | 2 2 1 Energy Gun 2 | 1 1 . Energy Cannon 1 | . 1 . Ballistic Gun 2 | 1 . 1 Ballistic Cannon . | . . . Launcher . | . . . Special Weapon . | . . . Impact Weapon . | . . . Slashing Weapon . | . . . Piercing Weapon . | . . . Special Melee Weapon . | . . . Unidentified Prototypes . | . . . Parts Lost 5 | . 3 2 Power 1 | . . 1 Propulsion 3 | . 2 1 Utility . | . . . Weapon 1 | . 1 . Highest Loss Streak 2 | . 2 2 To Critical Strikes 1 | . 1 . Average Backups 7 | . 7 9 Power . | . 1 1 Propulsion . | . . . Utility 4 | . 4 6 Weapon 1 | . 1 2 Tool/Special . | . . . Unused Backups 8 | . 1 7 Power . | . . . Propulsion . | . . . Utility 7 | . 1 6 Weapon 1 | . . 1 Tool/Special . | . . . Average Slot Usage (%) 92 | . 94 84 Engine 2 | . 2 . Core 11 | . 11 14 Treads 25 | . 27 13 Storage 15 | . 15 14 Processor 12 | . 11 14 Energy Gun 14 | . 13 17 Ballistic Gun 9 | . 9 10 Peak Build Rating 11 | 6 11 11 Average Rating 9 | 4 9 10 On Entrance 5 | . 6 10 Naked Turns . | . . . Heaviest Build 51 | 14 49 51 Greatest Support 40 | 40 40 20 Greatest Overweight (x) 16 | . 2 16 Average Overweight (x) . | . . 2 Largest Inventory Capacity 20 | 8 20 20 Average Capacity 17 | 6 17 20 Most Carried 11 | 1 11 10 Average Carried 7 | . 7 9 Final Capacity 20 | 8 20 20 Final Carried 10 | 1 9 10 Class Distribution -------------------- 100% | Mutant Dominant Class ---------------- Mutant | -10/Materials Mutant | -10/Subcaves Resources | -11 -10 -10 ----------- Run | Yrd Mat Sub Matter Collected 810 | 242 568 . Remotely . | . . . Salvage Created 860 | . 860 . Parts 37 | . 37 . Haulers Intercepted 2 | . 2 . Recyclers Shooed . | . . . Parts Field Recycled . | . . . Retrieved Matter . | . . . Parts Self-Destructed 4 | . . 4 Prevented . | . . . Kills | -11 -10 -10 ------- Run | Yrd Mat Sub Combat Hostiles Destroyed 16 | . 16 . Guns 16 | . 16 . Classes Destroyed 7 | . 7 . Worker 1 | . 1 . Tunneler 1 | . 1 . Hauler 2 | . 2 . Operator 1 | . 1 . Watcher 2 | . 2 . Swarmer 3 | . 3 . Grunt 13 | . 13 . Best Kill Streak 3 | . 3 . Combat Bots Only 3 | . 3 . Max Kills in Single Turn 1 | . 1 . Gunslinging . | . . . Exploded . | . . . Melee . | . . . Uniques/NPCs Destroyed . | . . . Combat | -11 -10 -10 -------- Run | Yrd Mat Sub Hostile Shots Fired 89 | . 77 12 Missed 15 | . 12 3 Hits 74 | . 65 9 Projectile 74 | . 65 9 Critical Strikes 3 | . 3 . Damage Taken 936 | . 737 199 Core 251 | . 165 86 Absorbed by Shields . | . . . Core Remaining (%) 100 | 100 . . Volleys Fired 70 | . 70 . Largest 2 | . 2 . Hottest 80 | . 80 . Shots Fired 135 | . 135 . Gun 133 | . 133 . Cannon 2 | . 2 . Launcher . | . . . Special . | . . . Kinetic 65 | . 65 . Thermal 70 | . 70 . Explosive . | . . . Electromagnetic . | . . . Robot Hit Streak 15 | . 15 . Robot Miss Streak 3 | . 3 . Penetration Max . | . . . Secondary Targets . | . . . Shots Hit Robots 95 | . 95 . Core Hits 44 | . 44 . Critical Kills . | . . . Critical Parts Destroyed . | . . . Critical Strikes 3 | . 3 . Burn 3 | . 3 . Melee Attacks . | . . . Impact . | . . . Slashing . | . . . Piercing . | . . . Sneak Attacks . | . . . Combat Hostiles . | . . . Follow-up Attacks . | . . . Damage Inflicted 1221 | . 1221 . Guns 1221 | . 1221 . Cannons . | . . . Explosions . | . . . Melee . | . . . Ramming . | . . . Kinetic 591 | . 591 . Thermal 630 | . 630 . Explosive . | . . . Electromagnetic . | . . . Impact . | . . . Slashing . | . . . Piercing . | . . . Highest Corruption 4 | . 4 4 Average Corruption 2 | . 2 4 Corruption Purged . | . . . Corruption Blocked . | . . . Effects 35 | . 24 11 Message Errors 13 | . 7 6 Matter Fused 6 | . 5 1 Heat Flow Errors 4 | . 3 1 Energy Discharges 1 | . . 1 Parts Fused 2 | . 2 . Data Loss (minor) 4 | . 3 1 Data Loss (major) 1 | . 1 . Misfires 3 | . 3 . Alerts 1 | . . 1 Overload Shots . | . . . Overflow Damage . | . . . Projectiles . | . . . Explosions . | . . . Melee . | . . . Knockbacks . | . . . Impact . | . . . Kinetic . | . . . Secondary . | . . . Self-Inflicted Damage . | . . . Shots . | . . . Rammed . | . . . Targets Rammed . | . . . Kicked . | . . . Crushed . | . . . Highest Temperature 245 | . 219 245 Average Temperature 67 | . 66 131 Received Heat Transfer 450 | . 387 63 Siege Activations . | . . . Martial Activations . | . . . Shielding Activations . | . . . Robots Disrupted . | . . . Combat Hostiles . | . . . Robots Corrupted . | . . . Combat Hostiles . | . . . Parts Fried . | . . . Impact Corruptions . | . . . Robots Melted . | . . . Combat Hostiles . | . . . Parts Melted 1 | . 1 . Heat Transferred 2072 | . 2072 . Parts Sabotaged . | . . . Parts Stolen . | . . . Parts Stripped . | . . . Power Chain Reactions . | . . . Alert | -11 -10 -10 ------- Run | Yrd Mat Sub Maximum Alert Level . | . . . Low Security (%) 100 | 100 100 . Level 1 . | . . . Level 2 . | . . . Level 3 . | . . . Level 4 . | . . . Level 5 . | . . . High Security . | . . . Max Security . | . . . Peak Influence 83 | . 83 . Initial . | . . . Average 14 | . 15 . Influence Increases 478 | . 478 . Destroy 0b10 Robot/C 320 | . 320 . Destroy 0b10 Robot/NC 35 | . 35 . Destroy Leader 98 | . 98 . Successful Hack 24 | . 24 . Destroy Structure 1 | . 1 . Influence Decreases 478 | . 434 44 Entered New Map 22 | . . 22 Time Decay 446 | . 424 22 Lost Part 10 | . 10 . Squads Dispatched 5 | . 5 . Investigation 3 | . 3 . Extermination . | . . . Reinforcement 2 | . 2 . Assault . | . . . Garrison . | . . . Intercept . | . . . Searches Triggered . | . . . Construction Impeded . | . . . Haulers Reinforced . | . . . Active Scanning Responses . | . . . Cargo Convoy Interrupts . | . . . Stealth | -11 -10 -10 --------- Run | Yrd Mat Sub Distress Signals 1 | . 1 . Communications Jammed . | . . . Distress Signals . | . . . Times Spotted 32 | . 30 2 Peak Tracking Total 4 | . 4 2 Tactical Retreats . | . . . Traps | -11 -10 -10 ------- Run | Yrd Mat Sub Traps Triggered 4 | . 4 . Indirectly . | . . . Trap Hack Attempts . | . . . Triggered . | . . . Disarmed . | . . . Reprogrammed . | . . . Reused . | . . . Traps Extracted . | . . . Installed . | . . . Triggered . | . . . Machines | -11 -10 -10 ---------- Run | Yrd Mat Sub Machines Disabled . | . . . Max in Single Turn . | . . . Machines Repaired . | . . . Machines Dismantled . | . . . Machines Sabotaged . | . . . Overloaded Fab Kills . | . . . Hacking | -11 -10 -10 --------- Run | Yrd Mat Sub Machines Accessed 8 | . 8 . Terminals 6 | . 6 . Fabricators . | . . . Repair Stations . | . . . Recycling Units 2 | . 2 . Scanalyzers . | . . . Garrison Access . | . . . Total Hacks 24 | . 24 . Successful 11 | . 11 . Failed 12 | . 12 . Catastrophic 2 | . 2 . Database Lockouts 1 | . 1 . Manual 14 | . 14 . Terminals 19 | . 19 . Fabricators . | . . . Repair Stations . | . . . Recycling Units 5 | . 5 . Scanalyzers . | . . . Garrison Access . | . . . Terminal Hacks 7 | . 7 . Part Schematic 1 | . 1 . Prototype ID Bank 1 | . 1 . Terminal Index 1 | . 1 . Alert Level 1 | . 1 . Locate Traps 1 | . 1 . Investigation Status 1 | . 1 . Zone Layout 1 | . 1 . Fabricator Hacks . | . . . Repair Station Hacks . | . . . Recycling Unit Hacks . | . . . Scanalyzer . | . . . Garrison Access Hacks . | . . . Unauthorized Hacks 4 | . 4 . Terminals . | . . . Fabricators . | . . . Repair Stations . | . . . Recycling Units 4 | . 4 . Reject 2 | . 2 . Mask 2 | . 2 . Scanalyzers . | . . . Garrison Access . | . . . Data Cores Recovered . | . . . Used . | . . . Hacking Detections 7 | . 7 . Full Trace Events 6 | . 6 . Feedback Events 1 | . 1 . Corruption 1 | . 1 . Feedback Blocked . | . . . Robot Schematics Acquired . | . . . Robots Built . | . . . Authchips . | . . . Time . | . . . Total Robot Build Rating . | . . . Part Schematics Acquired 1 | . 1 . Parts Built . | . . . Authchips . | . . . Time . | . . . Total Part Build Rating . | . . . Parts Repaired . | . . . Time . | . . . Parts Recycled . | . . . Recycled Matter . | . . . Retrieved Matter . | . . . Retrieved Components . | . . . Parts Scanalyzed . | . . . Part Schematics Acquired . | . . . Parts Damaged . | . . . Bothacking | -11 -10 -10 ------------ Run | Yrd Mat Sub Used RIF Installer . | . . . Robots Hacked . | . . . Non-combat . | . . . Combat . | . . . Robot Hacks Applied . | . . . Relay Couplers Released . | . . . Fabnet Peak Effective % . | . . . Robots Rewired . | . . . Allies Hacked . | . . . Hacks Repelled . | . . . Allies | -11 -10 -10 -------- Run | Yrd Mat Sub Total Allies . | . . . Largest Group . | . . . Highest-Rated Group . | . . . Highest-Rated Ally . | . . . Total Orders . | . . . Ally Attacks . | . . . Total Damage . | . . . Kills . | . . . Allies Corrupted . | . . . Allies Melted . | . . . Intel | -11 -10 -10 ------- Run | Yrd Mat Sub Active Infowar (turns) 2620 | . 2208 412 Optics 2620 | . 2208 412 Robot Analysis Total . | . . . Derelict Logs Recovered . | . . . Drone Launches . | . . . Drone Recoveries . | . . . Exploration | -11 -10 -10 ------------- Run | Yrd Mat Sub Turns Passed 3129 | 113 2604 412 Spaces Moved 1283 | 69 1089 125 Core 8 | 6 . 2 Treads 1275 | 63 1089 123 Legs . | . . . Wheels . | . . . Hover . | . . . Flight . | . . . Fastest Speed 50 | 50 160 320 Average Speed 220 | 150 212 328 Slowest Speed 850 | 160 320 850 Overloaded Moves . | . . . Propulsion Burnouts . | . . . Robots Hopped . | . . . Potential Cave-ins . | . . . Cave-ins Triggered . | . . . Exploration Rate (%) 39 | 6 99 13 Regions Visited 2 Branch Regions 1 Pre-discovered Areas . | . . . Known Exits Taken . | . . . Unknown Exits Taken 2 | 1 1 . Scrap Searched . | . . . Spaces Dug . | . . . Terrain Destroyed . | . . . Melee . | . . . Projectile . | . . . AOE . | . . . Terrain Rammed . | . . . Walls Destroyed . | . . . Machines Disabled . | . . . Actions | -11 -10 -10 --------- Run | Yrd Mat Sub Total 1454 | 75 1252 127 Wait 68 | . 68 . Move 1281 | 68 1088 125 Hop . | . . . Pick Up 14 | . 13 1 Fast Attach 7 | 6 1 . Attach 2 | . 2 . Detach . | . . . Swap 8 | 1 6 1 Drop 4 | . 4 . Fire 70 | . 70 . Melee . | . . . Ram . | . . . Kick . | . . . Crush . | . . . Escape Stasis . | . . . Rewire . | . . . Trap . | . . . Miscellaneous . | . . . Route ------- -11/Scrapyard -10/Materials (discovered 6 exits: [*Mat x3] / [*Min x2] / [*Sub]) -10/Subcaves History --------- Turn | Location | Event 42 | -11/Scrapyard | Discovered new exit (range 15) 114 | -11/Scrapyard | Entered Materials 114 | -10/Materials | Discovered new exit (range 15) 307 | -10/Materials | Build established: Mutant 401 | -10/Materials | Discovered new exit (range 9) 1092 | -10/Materials | Core integrity fell below 50% 1345 | -10/Materials | Discovered new exit (range 17) 1837 | -10/Materials | Discovered new exit (range 8) 2109 | -10/Materials | Central database locked down 2296 | -10/Materials | Discovered new exit (range 5) 2447 | -10/Materials | Discovered new exit (range 8) 2718 | -10/Materials | Entered Subcaves 2764 | -10/Subcaves | A swath of the cavern ceiling suddenly collapsed 2799 | -10/Subcaves | Shifting Twisted Machinery released Sub. Machine Gun 3088 | -10/Subcaves | Shifting Twisted Machinery released Sub. Power Source 3107 | -10/Subcaves | Core integrity fell below 20% 3130 | -10/Subcaves | Destroyed by TA-9SS(R) with Subdweller Beam Cannon Last Messages --------------- LOCATION=UNKNOWN AMBIENT_HEAT=-10 GOAL=ESCAPE 02745_ Z/ORO IVDL=MS>STWZE O,IYXU/NA|A1QPIH A swath of the cavern ceiling suddenly collapses. 02773_ 8VAGHETM>P2#C5JZI7%AICF8DUBHK XM Sub. Machine Gun falls loose from the Twisted Machinery. 02824_ Acquired Sub. Machine Gun. 02826_ System corrupted: Matter fused (-8). 02848_ MRHVET,P1=W9RTHA/1Y7L>BRNWH VOWD<25>UNQH 02870_ 4D GVMPU%LL LHQTYT#W> RIIN3%8 02915_ BXEG8=QQPFBRQMME9A,42BHK 02948_ System corrupted: Heat flow error (+282). 02968_ System corrupted: Component data lost. 03020_ Y4XI8V APB XUSLOO%FM#YU 03070_ System corrupted: IFF burst signal emitted. Sub. Power Source falls loose from the Twisted Machinery. 03092_ System corrupted: Energy discharge (-49). 03112_ Lgt. Treads destroyed. 03130_ Lgt. Nuclear Core destroyed. Map ----- +----------------------------------------------------+ | ?????????????????????????????????????????????????? | | ?????????????????????????????????????????????????? | | ?????????????????????????????????????????????????? | | ?????????????????????????????????????????????????? | | ?????????????????????????????????????????????????? | | ?????????????????????????????????????????????????? | | ?????????????????????????????????????????????????? | | ?????????????????????????????????????????????????? | | ?????????????????????????????????????????????????? | | ?????????????????????????????????????????????????? | | ?????????????????????????????????????????????????? | | ?????????????????????????????????????????????????? | | ?????????????????????????????????????????????????? | | ?????????????????????????????????????????????????? | | ?????????????????????##"?????????????????????????? | | ?????????????????????#""?????????????????????????? | | ?????????????????????# "?????????????????????????? | | ????????????????????##""?####????????????????????? | | ????????????????????#"" ## ##???????????????????? | | ????????????????????#"" "###??????##???"?????? | | ?????????????????????# " *##???? ## ""?????? | | ?????????????????????# """"#??? "" ?????? | | ????????????# ?????## ### R "" #????? | | ?????????????# ## "?????? | | ?????????????# #???????? | | ???????? /@ #??? "#???????? | | ???????? ## ##?? ?????????? | | ???????? ## #?### #??? #??????????? | | ?????????????????## ??### ##? #??????????? | | ??????????????????## ??## ## ##?????????? | | ???????????????????###???# #?????????? | | ????????????????????????## ##?????????? | | ???????????????????????## ###??????????? | | ??????????????????????## ##????????????? | | ????????????????????### ####?????????????? | | ????????????????????# ##????????????????? | | ????????????????????# ##?????????????????? | | ????????????????????# ##?????????????????? | | ????????????????????## #?????????????????? | | ?????????????????????## #?????????????????? | | ??????????????????????# #?????????????????? | | ?????????????????????# ## ##????????????????? | | ?????????????????????# #### ###??????????????? | | ?????????????????????# ??# #??????????????? | | ???????????????######## ##??## ##?? #???????? | | ???????????????# ###?????# #?? ???????? | | ???????????????# #?????# ###?? ???????? | | ????????????????# #?##### #???? ??????? | | ????????????????# ### ##???? #??????? | | ????????????????# ### ##????# ###????? | +----------------------------------------------------+ Best States ------------- Heat Dissipation 25 Energy Generation 14 Energy Capacity 250 Matter Stores 300 Matter Capacity 300 Sight Range 18 Terrain Scan Density 10 Evasion (%) 40 Recoil Reduction 2 Item Schematics ----------------- Hcp. Storage Unit | -10/Materials | Hacked Robot Schematics ------------------ None Fabricated ------------ Nothing Repaired ---------- Nothing Alien Tech Used ----------------- None Achievements -------------- None Challenges ------------ None Game ------ Seed HypertargetingSwordMapper Manual? 0 Play Time 00:14:05 Cumulative 17.3 hours Start 2025.07.20 @ 11:18:58 End 2025.07.20 @ 11:32:25 Sessions 1 Manual Loads 0 Difficulty Rogue Special Mode None Game No. 32 Rogue 32 Adventurer 0 Explorer 0 Win Type - Total 0 Types 0/0/0/0/0/0/0/0/0/0 Lore% 8 Gallery% 17 Achievement% 21 Wizard Run 0 Options --------- Layout 0 ASCII 0 Keyboard 0 Movement Arrows Keybinds 0 Fullscreen 1 Font 18/Smallcaps Map View 76x50 Zoom Use 0% Tactical HUD 1 Map Filters NONE Filters NONE Steam 1 RUN: 3b41361a-0322-415b-8091-7e751cbf04ff